 Dungeon Crawl Stone Soup version 0.19-a0-1193-g2641e52 (webtiles) character file.

6 jacquesderrida the Skirmisher (level 1, 11/11 HPs)
             Began as a Vine Stalker Wanderer on Aug 19, 2016.
             Quit the game on level 1 of the Dungeon.
             The game lasted 00:00:31 (173 turns).

jacquesderrida the Skirmisher (VSWn)                 Turns: 173, Time: 00:00:32

Health: 11/11      AC:  5    Str: 11    XL:     1   Next: 90%
Magic:  4/4        EV:  7    Int: 10    God:
Gold:   22         SH:  9    Dex: 18    Spells: 0 memorised, 4 levels left

rFire  . . .     SeeInvis .     d - +0 dagger
rCold  . . .     Gourm    .     b - +0 ring mail
rNeg   . . .     Faith    .     g - +2 shield
rPois  .         Spirit   +     (no helmet)
rElec  .         Dismiss  .     (no cloak)
rCorr  .         Reflect  .     (no gloves)
MR     .....     Harm     .     (no boots)
Stlth  +.........               (no amulet)
                                (no ring)
                                (no ring)

@: no status effects
A: fangs 2, regeneration 1, magic shield, antimagic bite, no device heal 3, rot
immunity
a: no special abilities


You were on level 1 of the Dungeon.
You were not hungry.

You visited 1 branch of the dungeon, and saw 1 of its levels.

You collected 22 gold pieces.

Inventory:

Hand Weapons
 d - a +0 dagger (weapon)
 e - a +0 club
Armour
 b - a +0 ring mail (worn)
 g - a +2 shield (worn)
Potions
 h - a potion of brilliance {unknown}
Books
 a - a book of Minor Magic

   Spells                             Type                      Level
   a - Magic Dart                     Conjuration                  1
   b - Blink                          Translocation                2
   c - Call Imp                       Summoning                    2
   d - Repel Missiles                 Charms/Air                   2
   e - Slow                           Hexes                        2
   f - Conjure Flame                  Conjuration/Fire             3
   g - Mephitic Cloud                 Conjuration/Poison/Air       3
 c - Gilunuace's Collected Works on Air

   Spells                             Type                      Level
   a - Repel Missiles                 Charms/Air                   2
   b - Swiftness                      Charms/Air                   2
Comestibles
 f - a bread ration


   Skills:
 + Level 2.3 Fighting
 - Level 1.0 Throwing
 - Level 1.0 Armour
 - Level 1.0 Shields
 - Level 2.1 Spellcasting
   Level 1.0 Air Magic
   Level 2.0 Poison Magic


You had 4 spell levels left.
You didn't know any spells.

Dungeon Overview and Level Annotations

Branches:
Dungeon (1/15)

Altars:


Innate Abilities, Weirdness & Mutations

You have extremely sharp teeth.
Your natural rate of healing is unusually fast.
When hurt, damage is shared between your health and your magic reserves.
Your bite disrupts and absorbs the magic of your enemies.
Potions and wands cannot restore your health.
You are immune to rotting.


Message History

You hit the hobgoblin.
The hobgoblin is severely wounded.
The hobgoblin hits you but does no damage.
The giant newt bites you but does no damage.
Your shield and ring mail prevent you from hitting the hobgoblin.
You bite the hobgoblin. You drain its power.
You feel invigorated.
You kill the hobgoblin!
The giant newt closely misses you.
You closely miss the giant newt. You bite the giant newt. You drain its power.
You kill the giant newt!
No target in view!
No target in view!
No target in view!
You see here a giant newt corpse.
You see here 26 arrows.
Found a scroll labeled GUXOM ITAA.
i - a scroll labeled GUXOM ITAA
As you read the scroll labeled GUXOM ITAA, it crumbles to dust.
You feel blessed for a moment.
It was a scroll of remove curse.
Are you sure you want to abandon this character and quit the game? (Confirm with "yes".)

########.#
#......#.##.
#...........
#...........
#........... .
#.@............
#..............
#........#.....
#....#####....#
###............#
................#
#####..........##
#............
#...(......##


There were no monsters in sight!

Vanquished Creatures
  2 hobgoblins (D:1)
  A kobold (D:1)
  2 giant newts (D:1)
  A rat (D:1)
6 creatures vanquished.

Notes
Turn   | Place    | Note
-------+----------+-------------------------------------------
     0 | D:1      | jacquesderrida the Vine Stalker Wanderer began the quest for the Orb.
     0 | D:1      | jacquesderrida set off with: a book of Minor Magic, a +0 ring mail, Gilunuace's Collected Works on Air, a +0 dagger, a bread ration
     0 | D:1      | Reached XP level 1. HP: 11/11 MP: 4/4
   173 | D:1      | Quit the game

Vault maps used:
D:1:      dpeg_arrival_pits

Skill      XL: |  1 |
---------------+----+-----
Fighting       | 2 |  2.3
Throwing       | |  1.0
Armour         | |  1.0
Shields        | |  1.0
Spellcasting   | |  2.1
Air Magic      | |  1.0
Poison Magic   | |  2.0

Action                   || total
-------------------------++-------
Melee: Dagger            ||    19
       Bite              ||     9
  Use: Scroll            ||     1
Armor: Ring mail         ||     7
Dodge: Dodged            ||    10
Block: Shield            ||     2
